 BcadrenCrawl: Boulder Brew version 0.03.2.1-27-g9e5655d (webtiles) character file.

Game seed: 30720419450401081, levelgen mode: deterministic

53 Kalegnar the Ducker (level 3, 0/4 HPs) Fairy Air Elementalist. Began on Jan 12, 2021. Slain by a sewer rat (1 damage) ... on level 1 of the Dungeon. The game lasted 00:03:14 (394 turns).

Kalegnar the Ducker (Fairy Air Elementalist)         Turns: 394, Time: 00:03:15

Health: 0/4        AC:  0    Str:  2    XL:     3 ^: 21
Magic:  1/3        EV:  9    Int: 17    God:
Gold:   77         SH:  0    Dex: 18    Spells: 2/8 levels left

rFire    . . .     Vision   .   e - amulet of the gourmand
rCold    . . .     Gourm    +
rNeg     . . .     Faith    .
rPois    .         Spirit   .
rElec    .         Reflect  .
rCorr    .         Harm     .
MR       .....
Stlth    +.........
HPRegen  0.11/turn
MPRegen  0.13/turn

@: flying, glowing, slow
A: tiny, no armour or weapons, only one jewelry slot, no melee attacks, fairy
magic, fairy shield, fairy light, decreased potion and divine healing, slowness
1, able to fly, insubstantial
a: Stop Flying


You were on level 1 of the Dungeon.
You were very full.

You visited 1 branch of the dungeon, and saw 1 of its levels.

You collected 77 gold pieces.

Inventory:

Jewellery
 e - an amulet of the gourmand (around core)
 g - an uncursed ring of resist corrosion
Scrolls
 a - 2 scrolls of blinking
 d - 2 scrolls of fog
 f - a scroll of amnesia
Potions
 h - 2 potions of heal wounds
Comestibles
 b - 4 rations


   Skills:
 + Level 3.8 Dodging
 - Level 1.4 Stealth
 + Level 3.3 Spellcasting
 + Level 3.6 Air Magic


You had 2 spell levels left.
You knew the following spells:

 Your Spells              Type           Power        Failure   Level  Hunger
a - Shock                 Air            15 (25)      3%          1    None
b - Swiftness             Chrm/Air       8 (100)      12%         2    ##.....
c - Static Discharge      Air            15 (100)     12%         3    ###....

Your spell library contained the following spells:

 Spells                   Type           Power        Failure   Level  Hunger
 Airstrike                Air            15 (200)     36%         4    ####...
 Lightning Bolt           Air            15 (200)     71%         5    ######.


Dungeon Overview and Level Annotations

Branches:
Dungeon (1/8)

Altars:


Innate Abilities, Weirdness & Mutations

You are too small to use any gear.
You can wear a single ring or amulet completely around your body.
You are incapable of melee of any kind.
Your magic reserves are extremely low but spells that normally cost one mana are free and all other spells cost one mana.
You are extremely frail but all attacks that strike you do exactly one damage.
You exude a bright light in a small radius around yourself.
The effect of potions and godly healing effects is reduced to match your tiny health and magic reserves.
You cover ground slowly.
You can fly continuously.
Your insubstantial form boosts your evasion and grants immunity to sticky flames, nets and constriction.


Message History

The sewer rat is struck by an arc of lightning (6).
The sewer rat is heavily wounded. (6/12) HP The lightning grounds out.
The sewer rat bites you (6).
Casting: Static Discharge (safe; 12% risk of failure)
Confirm with . or Enter, or press ? or * to list all spells.
Aiming: Shock (safe; 3% risk of failure)
Press: ? - help, Shift-Dir - straight line, f/p - sewer rat
Aim: a submerged sewer rat (heavily wounded (7/12), haloed)
The zap hits the sewer rat but does no damage (0).
The sewer rat is heavily wounded. (7/12) HP The sewer rat bites you (2).
Casting: Shock (safe; 3% risk of failure)
Confirm with . or Enter, or press ? or * to list all spells.
The sewer rat is electrocuted!
The sewer rat is struck by an arc of lightning (6).
The sewer rat is almost dead. (1/12) HP You are struck by an arc of electricity (2).
* * * LOW HITPOINT WARNING * * *
The lightning grounds out.
The sewer rat bites you (1).
You die...

#.............#
######..##
#.............#≈#......##
#..........#.##≈#......#
÷.............#≈#......#
#..÷......#####≈#......#
#......#### #≈#......#
.......# #≈#....†.#
.......# ##r#......#
......###. #..@......#
...........#..!........#
.......................#
.#.........#.########'##
.###.#####.# .# . #.# . #
. $.. ... ###


You could see a submerged sewer rat.

Vanquished Creatures
  A giant cockroach (D:1)
  2 cinder newts (D:1)
  2 dart slugs (D:1)
  A leopard gecko (D:1)
  7 bats (D:1)
  4 goblins (D:1)
  2 hobgoblins (D:1)
  A kobold (D:1)
20 creatures vanquished.

Vanquished Creatures (others)
  A plant (D:1)
1 creature vanquished.

Grand Total: 21 creatures vanquished

Notes
Turn   | Place    | Note
-------+----------+-------------------------------------------
     0 | D:1      | Kalegnar the Fairy Air Elementalist began the quest for the
                  | Orb.
     0 | D:1      | Reached XP level 1. HP: 3/3 MP: 3/3
    55 | D:1      | Reached XP level 2. HP: 3/3 MP: 3/3
    59 | D:1      | Learned a level 2 spell: Swiftness
   215 | D:1      | Reached XP level 3. HP: 4/4 MP: 3/3
   220 | D:1      | Learned a level 3 spell: Static Discharge
   394 | D:1      | Slain by a sewer rat

Levels and vault maps discovered:
D:1:      shiori_arrival_oz, layout_basic, serial_bayou, serial_bayou_lagoon_a,
          serial_bayou_ford_a, serial_bayou_lake_a, serial_bayou_shore_a,
          portal_sewer_entry_d

Skill      XL: |  1  2 |
---------------+-------+-----
Dodging        | 3 |  3.8
Spellcasting   | 3 |  3.3
Stealth        | |  1.4
Air Magic      | |  3.6

Action                   || total
-------------------------++-------
 Cast: Shock             ||    50
       Swiftness         ||     2
       Static Discharge  ||     2
 Abil: Fly               ||     1
  Eat: Chunk             ||    12
Dodge: Dodged            ||     3
